 Dungeon Crawl Stone Soup version 0.23.2 (webtiles) character file.

Game seed: 9340037136954371909

511 DungeonDestroyer the Charmwright (level 7, -6/56 HPs)
             Began as a Gnoll Skald on Apr 7, 2019.
             Mangled by Crazy Yiuf
             ... wielding a +2 quarterstaff of chaos
              (12 damage)
             ... on level 4 of the Dungeon.
             The game lasted 00:09:23 (3981 turns).

DungeonDestroyer the Charmwright (Gnoll Skald)      Turns: 3981, Time: 00:09:23

Health: -6/56      AC:  5    Str: 14 (15) XL:     7   Next: 19%
Magic:  4/15       EV: 13    Int: 15      God:
Gold:   147        SH:  0    Dex: 14 (15) Spells: 4/17 levels left

rFire    . . .     SeeInvis .   a - +0 hand axe
rCold    . . .     Gourm    .   (no shield)
rNeg     . . .     Faith    .   n - +0 ring mail
rPois    .         Spirit   .   (no helmet)
rElec    .         Reflect  .   (no cloak)
rCorr    .         Harm     .   (no gloves)
MR       .....                  (no boots)
Stlth    +.........             (no amulet)
HPRegen  0.18/turn              (no ring)
MPRegen  0.14/turn              (no ring)

@: lethally poisoned (-6 -> -9), infused
A: distributed training, fangs 1, strong nose
a: no special abilities


You were on level 4 of the Dungeon.
You were very full.

You visited 1 branch of the dungeon, and saw 4 of its levels.

You collected 147 gold pieces.

Inventory:

Hand Weapons
 a - a +0 hand axe (weapon)
 j - a +0 hunting sling
 m - a +3 dagger
Missiles
 e - 38 arrows
 f - 21 poisoned needles
 g - 114 stones (quivered)
 h - 41 bolts
 o - 4 tomahawks
 s - 9 sling bullets
Armour
 n - a +0 ring mail (worn)
Jewellery
 r - an uncursed ring of fire {unknown}
Scrolls
 c - a scroll of identify
 i - 2 scrolls of teleportation
 l - a scroll of enchant armour {unknown}
 q - a scroll of fog
Potions
 b - 3 potions of curing {unknown}
 k - 2 potions of lignification
 p - a potion of might
Comestibles
 d - 7 rations


   Skills:
 + Level 5.1 Fighting
 + Level 2.3 Short Blades
 + Level 2.3 Long Blades
 + Level 5.1 Axes
 + Level 2.3 Maces & Flails
 + Level 2.3 Polearms
 + Level 2.3 Staves
 + Level 2.3 Slings
 + Level 2.3 Bows
 + Level 2.3 Crossbows
 + Level 2.3 Throwing
 + Level 3.5 Armour
 + Level 5.1 Dodging
 + Level 2.3 Stealth
 + Level 2.3 Shields
 + Level 2.3 Unarmed Combat
 + Level 5.5 Spellcasting
 + Level 1.8 Conjurations
 + Level 1.8 Hexes
 + Level 5.8 Charms
 + Level 1.8 Summonings
 + Level 1.8 Necromancy
 + Level 1.8 Translocations
 + Level 1.8 Transmutations
 + Level 1.8 Fire Magic
 + Level 1.8 Ice Magic
 + Level 1.8 Air Magic
 + Level 1.8 Earth Magic
 + Level 1.8 Poison Magic
 + Level 2.5 Invocations
 + Level 2.3 Evocations


You had 4 spell levels left.
You knew the following spells:

 Your Spells              Type           Power        Failure   Level  Hunger
a - Infusion              Chrm           ###.         2%          1    None
b - Song of Slaying       Chrm           ###.....     4%          2    #......
c - Shroud of Golubria    Chrm/Tloc      ###.......   10%         2    #......
d - Regeneration          Chrm/Necr      ###.......   19%         3    ###....
e - Spectral Weapon       Hex/Chrm       ###.....     19%         3    ###....
f - Slow                  Hex            #.......     22%         2    #......

Your spell library contained the following spells:

 Spells                   Type           Power        Failure   Level  Hunger
 Corona                   Hex            #......      14%         1    None
 Ensorcelled Hibernation  Hex/Ice        #.....       22%         2    #......
 Confuse                  Hex            #.......     38%         3    ###....
 Dazzling Spray           Conj/Hex       #.....       38%         3    ###....
 Tukima's Dance           Hex            #.......     38%         3    ###....


Dungeon Overview and Level Annotations

Branches:
Dungeon (4/15)
 Temple: D:4-7

Altars:

Annotations:
D:4 Crazy Yiuf


Innate Abilities, Weirdness & Mutations

Your experience applies equally to all skills.
You have very sharp teeth.
Your uncanny sense of smell can sniff out nearby items.


Message History

You are poisoned.
You closely miss Crazy Yiuf.
Crazy Yiuf is moderately wounded.
You feel sick.
Crazy Yiuf yells, "Nubble agre mumblescurry!"
Crazy Yiuf hits you with a +2 quarterstaff of chaos.
You hit Crazy Yiuf.
Crazy Yiuf is moderately wounded.
You feel sick.
Crazy Yiuf hits you with a +2 quarterstaff of chaos!
You feel your power leaking away.
You barely miss Crazy Yiuf.
Crazy Yiuf is moderately wounded.
Crazy Yiuf hits you with a +2 quarterstaff of chaos!
* * * LOW HITPOINT WARNING * * *
You hit Crazy Yiuf.
Crazy Yiuf is severely wounded.
You feel sick.
Crazy Yiuf hits you with a +2 quarterstaff of chaos!
You die...

#..##############.#
##.## #.# #..# #.#
#.## #.# #.# #.#
#.# ♣♣♣♣♣##.## #.#
### ♣♣♣)♣)..+..#
##### #.#
#)))#♣))♣)......#
....####.#
#.))g@♣♣♣♣......#
.........# #)))#♣♣
♣♣..+.## ######...#
### ♣♣#### ###.#
####...#
###......##
..........##
.######....# ##
##...#


You could see Crazy Yiuf.

Vanquished Creatures
  An ogre (D:3)
  5 orc wizards
  A hound (D:4)
  Jessica (D:2)
  A worker ant (D:4)
  6 adders
  2 oozes
  3 adder skeletons (D:4)
  A worm (D:2)
  2 dart slugs
  2 leopard geckos
  13 orcs
  A ball python (D:2)
  3 giant cockroaches
  13 goblins
  7 hobgoblins
  A jackal (D:1)
  3 quokkas
  7 bats
  4 frilled lizards
  12 kobolds
  28 rats
117 creatures vanquished.

Notes
Turn   | Place    | Note
-------+----------+-------------------------------------------
     0 | D:1      | DungeonDestroyer the Gnoll Skald began the quest for the
                  | Orb.
     0 | D:1      | Reached XP level 1. HP: 20/20 MP: 6/6
   145 | D:1      | Reached XP level 2. HP: 12/26 MP: 3/7
   470 | D:1      | Learned a level 2 spell: Song of Slaying
   660 | D:1      | Reached XP level 3. HP: 26/31 MP: 9/9
   670 | D:1      | Reached skill level 5 in Spellcasting
   954 | D:1      | Learned a level 2 spell: Shroud of Golubria
   958 | D:1      | Learned a level 3 spell: Regeneration
   962 | D:1      | Learned a level 3 spell: Spectral Weapon
  1011 | D:2      | Reached skill level 1 in Invocations
  1136 | D:2      | Reached skill level 1 in Short Blades
  1136 | D:2      | Reached skill level 1 in Long Blades
  1136 | D:2      | Reached skill level 1 in Maces & Flails
  1136 | D:2      | Reached skill level 1 in Polearms
  1136 | D:2      | Reached skill level 1 in Staves
  1136 | D:2      | Reached skill level 1 in Slings
  1136 | D:2      | Reached skill level 1 in Bows
  1136 | D:2      | Reached skill level 1 in Crossbows
  1136 | D:2      | Reached skill level 1 in Throwing
  1136 | D:2      | Reached skill level 1 in Stealth
  1136 | D:2      | Reached skill level 1 in Shields
  1136 | D:2      | Reached skill level 1 in Unarmed Combat
  1136 | D:2      | Reached skill level 1 in Evocations
  1225 | D:2      | Reached XP level 4. HP: 38/38 MP: 11/11
  1297 | D:2      | Noticed Jessica
  1305 | D:2      | Killed Jessica
  1305 | D:2      | Reached skill level 1 in Conjurations
  1305 | D:2      | Reached skill level 1 in Hexes
  1305 | D:2      | Reached skill level 1 in Summonings
  1305 | D:2      | Reached skill level 1 in Necromancy
  1305 | D:2      | Reached skill level 1 in Translocations
  1305 | D:2      | Reached skill level 1 in Transmutations
  1305 | D:2      | Reached skill level 1 in Fire Magic
  1305 | D:2      | Reached skill level 1 in Ice Magic
  1305 | D:2      | Reached skill level 1 in Air Magic
  1305 | D:2      | Reached skill level 1 in Earth Magic
  1305 | D:2      | Reached skill level 1 in Poison Magic
  1310 | D:2      | Identified Jessica's Tome of Execration
  1322 | D:2      | Learned a level 2 spell: Slow
  1777 | D:2      | Reached XP level 5. HP: 37/43 MP: 12/12
  2461 | D:3      | Noticed an ogre
  2475 | D:3      | Killed an ogre
  2475 | D:3      | Reached XP level 6. HP: 31/50 MP: 13/13
  3127 | D:4      | Reached skill level 5 in Fighting
  3127 | D:4      | Reached skill level 5 in Axes
  3127 | D:4      | Reached skill level 5 in Dodging
  3163 | D:4      | Reached XP level 7. HP: 17/56 MP: 15/15
  3967 | D:4      | Found a runed translucent door.
  3968 | D:4      | Noticed Crazy Yiuf
  3981 | D:4      | Mangled by Crazy Yiuf

Skill      XL: |  1  2  3  4  5  6 |
---------------+-------------------+-----
Spellcasting   | 5 |  5.5
Invocations    | 1 2 |  2.5
Short Blades   | 1 2 |  2.3
Long Blades    | 1 2 |  2.3
Maces & Flails | 1 2 |  2.3
Polearms       | 1 2 |  2.3
Staves         | 1 2 |  2.3
Slings         | 1 2 |  2.3
Bows           | 1 2 |  2.3
Crossbows      | 1 2 |  2.3
Throwing       | 1 2 |  2.3
Stealth        | 1 2 |  2.3
Shields        | 1 2 |  2.3
Unarmed Combat | 1 2 |  2.3
Evocations     | 1 2 |  2.3
Conjurations   | 1 |  1.8
Hexes          | 1 |  1.8
Summonings     | 1 |  1.8
Necromancy     | 1 |  1.8
Translocations | 1 |  1.8
Transmutations | 1 |  1.8
Fire Magic     | 1 |  1.8
Ice Magic      | 1 |  1.8
Air Magic      | 1 |  1.8
Earth Magic    | 1 |  1.8
Poison Magic   | 1 |  1.8
Armour         | 3 |  3.5
Fighting       | 5 |  5.1
Axes           | 5 |  5.1
Dodging        | 5 |  5.1
Charms         | |  5.8

Action                   |  1- 3 |  4- 6 |  7- 9 || total
-------------------------+-------+-------+-------++-------
Melee: Hand axe          |   124 |   186 |    49 ||   359
       Bite              |     5 |    17 |     3 ||    25
 Cast: Infusion          |     1 |     1 |     1 ||     3
       Regeneration      |       |     1 |       ||     1
       Song of Slaying   |       |     3 |       ||     3
       Shroud of Golubri |       |       |     1 ||     1
  Use: Scroll            |     5 |     3 |       ||     8
       Potion            |     1 |     5 |       ||     6
 Stab: Sleeping          |     3 |     1 |     1 ||     5
  Eat: Chunk             |     1 |     2 |       ||     3
       Ration            |       |     2 |     2 ||     4
Armor: Leather armour    |    26 |    20 |       ||    46
       Ring mail         |       |    44 |    15 ||    59
Dodge: Dodged            |    97 |   140 |    32 ||   269
